 Dungeon Crawl Stone Soup version 0.30-a0-634-g8abc85282e (webtiles) character file.

Game seed: 7846045659132625165

35704 holysushi the Spry (level 14, -26/114 HPs)
             Began as a Meteoran Hedge Wizard on Jan 15, 2023.
             Was an Initiate of Yredelemnul.
             Killed from afar by Nikola (109 damage)
             ... with an arc of chain lightning
             ... on level 1 of the Elven Halls.
             The game lasted 00:56:36 (7448 turns).

holysushi the Spry (Meteoran Hedge Wizard)          Turns: 7448, Time: 00:56:37

Health: -26/114    AC: 13    Str: 11    XL:     14   Next: 55%
Magic:  12/27      EV: 23    Int: 17    God:    Yredelemnul [......]
Gold:   483        SH:  0    Dex: 19    Spells: 16/29 levels left

rFire   . . .      SeeInvis .    y - +3 rapier (speed)
rCold   . . .      Faith    .    (no shield)
rNeg    . . .      Spirit   .    D - +2 robe {Archmagi}
rPois   +          Reflect  .    c - +0 hat
rElec   .          Harm     .    t - +2 cloak
rCorr   +          Rampage  .    o - +2 pair of gloves
Will    +....      Archmagi +    x - +2 pair of boots
Stlth   ++                       G - amulet of regeneration
HPRegen 1.19/turn                h - ring of poison resistance
MPRegen 0.20/turn                z - ring of resist corrosion

@: confusing by touch, glowing
A: sense surroundings 2, otherworldly, glowing, explore regen
a: Renounce Religion, Recall Undead Harvest


You were on level 1 of the Elven Halls.
You worshipped Yredelemnul.
Yredelemnul was aware of your devotion.
You visited 3 branches of the dungeon, and saw 16 of its levels.
You also visited: Sewer.

You collected 1123 gold pieces.
You spent 640 gold pieces at shops.

Inventory:

Hand Weapons
 m - a +5 scimitar
 q - a +1 dagger of draining
 y - a +3 rapier of speed (weapon)
Missiles
 f - a throwing net
Armour
 c - a +0 hat (worn)
 i - an orb of energy
 o - a +2 pair of gloves (worn)
 t - a +2 cloak (worn)
 v - a +2 robe of cold resistance
 x - a +2 pair of boots (worn)
 B - +0 steam dragon scales
 D - a +2 robe of the Archmagi (worn)
Jewellery
 a - a +6 ring of strength
 h - a ring of poison resistance (left hand)
 w - an amulet of reflection
 z - a ring of resist corrosion (right hand)
 G - an amulet of regeneration (around neck)
Wands
 E - a wand of flame (9)
Scrolls
 e - 4 scrolls of teleportation
 j - a scroll of immolation
 H - a scroll of fear
Potions
 d - 4 potions of magic
 g - a potion of heal wounds
 k - 4 potions of mutation
 l - 2 potions of invisibility
 n - 2 potions of lignification
 p - a potion of flight
 r - 3 potions of berserk rage
 s - 6 potions of haste
 A - a potion of ambrosia
 C - 2 potions of curing
 F - 2 potions of might {unknown}
 I - a potion of brilliance


   Skills:
 + Level 7.7 Fighting
 - Level 14.0 Short Blades
 + Level 15.6 Dodging
 + Level 4.7 Stealth
 - Level 8.0 Spellcasting
 - Level 3.0 Conjurations
 - Level 3.0 Hexes
 - Level 1.2 Summonings
 - Level 2.0 Necromancy
 - Level 3.0 Translocations
 - Level 3.0 Air Magic
 - Level 2.0 Poison Magic
 - Level 11.0 Invocations


You had 16 spell levels left.
You knew the following spells:

 Your Spells              Type           Power      Damage    Failure   Level
a - Apportation           Tloc           50%        N/A       3%          1
b - Blink                 Tloc           50%        N/A       4%          2
c - Vampiric Draining     Necr           20%        2d7       14%         3
d - Mephitic Cloud        Conj/Pois/Air  23%        N/A       11%         3
e - Magic Dart            Conj           100%       1d8       3%          1
f - Confusing Touch       Hex            25%        N/A       9%          3

Your spell library contained the following spells:

 Spells                   Type           Power      Damage    Failure   Level
 Slow                     Hex            100%       N/A       3%          1
 Necrotise                Necr           80%        1d8       4%          1
 Poisonous Vapours        Pois/Air       44%        N/A       5%          2
 Summon Small Mammal      Summ           64%        N/A       6%          1
 Cigotuvi's Dreadful Rot  Necr/Pois/Air  44%        N/A       6%          2
 Call Imp                 Summ           16%        N/A       10%         2
 Kindle Blastsparks       Fire/Tloc/Air  40%        2d13      14%         3
 Ignite Poison            Fire/Tmut/Pois 13%        N/A       24%         3
 Frozen Ramparts          Ice            20%        1d4       30%         3
 Summon Ice Beast         Ice/Summ       13%        N/A       63%         4
 Ice Form                 Ice/Tmut       10%        N/A       71%         4
 Freezing Cloud           Conj/Ice/Air   10%        6-21      77%         5
 Chain Lightning          Conj/Air       12%        3d16      100%        9
 Fire Storm               Conj/Fire      8%         8d2       100%        9
 Shatter                  Erth           5%         3d8*      100%        9


Dungeon Overview and Level Annotations

Branches:
Dungeon (13/15) Zot: 2381  Temple (0/1) D:6             Orc (2/2) D:11 Zot: 656
    Elf (1/3) Orc:2 Zot: 380   Sewer (visited)
   Lair: D:8-11      Vaults: D:13-14

Altars:
Ashenzari
Dithmenos
Elyvilon
Gozag
Kikubaaqudgha
Ru
Sif Muna
Yredelemnul

Shops:
D:9 !   D:11 (   Orc:2 *:((

Annotations:
D:3 exclusion: downstairs
D:4 2 runed translucent doors
Elf:1 Nikola


Innate Abilities, Weirdness & Mutations

You passively map the area around you.
You are easily found by Zot.
You glow in the dark.
You regain HP and MP as you explore.


Message History

You hit Nikola but do no damage.
Nikola is lightly wounded.
You barely miss Nikola.
Nikola is lightly wounded.
You hit Nikola but do no damage.
Nikola is lightly wounded.
Nikola yells, "Danger!
Danger!
High voltage!"
Nikola mumbles some strange words.
Nikola blinks!
You barely miss Nikola.
Nikola is lightly wounded.
Your magical contamination has completely faded away.
You hit Nikola but do no damage.
Nikola is lightly wounded.
You hit Nikola but do no damage.
Nikola is lightly wounded.
You hit Nikola but do no damage.
Nikola is lightly wounded.
Nikola hits you with a +1 rapier of electrocution!
You are electrocuted!
You barely miss Nikola.
Nikola is lightly wounded.
You hit Nikola but do no damage.
Nikola is lightly wounded.
You hit Nikola but do no damage.
Nikola is lightly wounded.
Nikola hits you with a +1 rapier of electrocution!
The deep elf pyromancer casts a spell at you.
The sticky flame misses you.
You hit Nikola but do no damage.
Nikola is lightly wounded.
You hit Nikola but do no damage.
Nikola is lightly wounded.
You hit Nikola but do no damage.
Nikola is lightly wounded.
Nikola casts a spell.
Lightning arcs from Nikola's hands!
The bolt of lightning hits you!!!!
Ouch! That really hurt!
You die...
Your body rises from the dead as a mindless zombie.

#..# , ,.............# , #..# *
,, .............#.# .# #e.#
.............#.# .# #..#, ,
.............#.+..# #).# *, ,
............#.#..# #.{# ,
............#.#. ,
#..#.#############'#####.#, #..
#..#.............e.......# #..
#..#.........@@..........#..#..
#..#.....))..............#..+..
#..#.#####'#############.#..#..
#..#.#.................#.#..#..
#..#.#.................#.#..#..
#..#.'.....)...........#.#..#..
#..#.######+#######'####.#..#'#
#..#.....................#.....
#..#.....................#.....


You could see Nikola and a deep elf pyromancer.

Vanquished Creatures
  An orc warlord (Orc:2)
  Harold (D:9)
  4 two-headed ogres
  A dancing weapon (Elf:1)
  4 deep elf knights (Elf:1)
  A deep elf archer (Elf:1)
  A deep troll (Orc:2)
  3 deep elf pyromancers
  An orc knight (Orc:2)
  An orc sorcerer (Orc:2)
  A lindwurm (shapeshifter) (D:13)
  2 deep elf zephyrmancers (Elf:1)
  2 cyclopes (Orc:2)
  Maggie (D:8)
  A kobold demonologist (D:11)
  9 trolls
  Prince Ribbit (D:7)
  Sigmund (D:6)
  2 wyverns
  3 wraiths
  2 vampires
  5 yaks (D:12)
  5 vampire mosquitoes
  3 wargs (Orc:2)
  2 acid dragons
  A water moccasin (D:8)
  3 ice beasts
  11 orc warriors
  A black bear (D:6)
  17 ogres
  5 wolves
  3 centaurs
  7 kobold brigands
  A bullfrog (D:7)
  A necrophage (D:5)
  8 gnoll sergeants
  3 scorpions
  22 wights
  2 howler monkeys
  An electric eel (D:8)
  A wolf zombie (D:11)
  3 jellies
  5 hounds
  5 orc priests
  3 iguanas
  6 orc wizards
  15 gnolls
  5 river rats (Sewer)
  7 adders
  An ufetubus (D:6)
  3 worms
  4 dart slugs
  49 orcs
  11 ball pythons
  4 endoplasms
  A giant cockroach (D:2)
  9 goblins
  10 hobgoblins
  5 jackals
  2 quokkas
  7 bats
  5 frilled lizards
  25 kobolds
  A kobold zombie (D:10)
  2 orc zombies (Orc:2)
  19 rats
  A butterfly (D:6)
353 creatures vanquished.

Vanquished Creatures (collateral kills)
  2 ogre magi (Orc:2)
  A boulder beetle (D:12)
  7 two-headed ogres
  A deep troll (Orc:2)
  A deep elf zephyrmancer (Elf:1)
  A manticore (D:12)
  3 trolls
  A wraith (D:12)
  Grum (D:11)
  A warg (Orc:1)
  An ice beast (D:7)
  13 ogres
  13 orc warriors
  2 wolves (D:11)
  A scorpion (D:6)
  3 wights (D:9)
  7 orc priests
  A gnoll bouda (D:5)
  2 orc wizards (Orc:2)
  An adder (Sewer)
  7 gnolls
  A white imp (D:4)
  A dart slug (D:3)
  16 orcs
  2 ball pythons (D:4)
  2 endoplasms
  A goblin (D:2)
  A quokka (D:4)
  A kobold (Sewer)
  5 rats
100 creatures vanquished.

Vanquished Creatures (others)
  A spectral orc (Elf:1)
  A spectral two-headed ogre (Orc:2)
  2 elf zombies (Elf:1)
  3 two-headed ogre zombies (Orc:2)
  2 vampire mosquito zombies (D:12)
  A water moccasin zombie (D:8)
  2 troll zombies (Orc:2)
  A yak zombie (D:12)
  A wolf zombie (D:8)
  4 ogre zombies (Orc:2)
  3 hound zombies
  A spectral electric eel (D:8)
  A spectral white imp (D:4)
  3 ball python zombies
  5 gnoll zombies
  A goblin zombie (D:4)
  A hobgoblin zombie (D:4)
  A kobold zombie (D:10)
  18 orc zombies
  A quokka zombie (D:2)
  A river rat zombie (Sewer)
54 creatures vanquished.

Grand Total: 507 creatures vanquished

Notes
Turn   | Place    | Note
-------+----------+-------------------------------------------
     0 | D:1      | holysushi the Meteoran Hedge Wizard began the quest for the
                  | Orb.
     0 | D:1      | Reached XP level 1. HP: 14/14 MP: 6/6
   109 | D:1      | Reached skill level 3 in Dodging
   109 | D:1      | Reached XP level 2. HP: 7/20 MP: 2/8
   316 | D:1      | Reached skill level 1 in Fighting
   334 | D:1      | Reached XP level 3. HP: 21/28 MP: 1/9
   352 | D:1      | Learned a level 2 spell: Blink
   356 | D:1      | Learned a level 3 spell: Vampiric Draining
   382 | D:1      | Learned a level 3 spell: Mephitic Cloud
   560 | D:2      | Reached skill level 1 in Necromancy
   711 | D:2      | Found a faded altar of an unknown god.
   719 | D:2      | Prayed at the altar of an unknown god.
   719 | D:2      | Became a worshipper of Yredelemnul the Dark
   719 | D:2      | Reached * piety under Yredelemnul
   754 | D:2      | Reached XP level 4. HP: 36/36 MP: 11/11
  1104 | D:4      | Noticed an ogre
  1149 | D:3      | Reached skill level 1 in Air Magic
  1197 | D:3      | Found a broken altar of Ashenzari.
  1234 | D:3      | Reached skill level 1 in Short Blades
  1234 | D:3      | Reached skill level 1 in Poison Magic
  1234 | D:3      | Reached XP level 5. HP: 41/41 MP: 12/12
  1341 | D:3      | Identified the +0 ring mail of the Cockatrice {rPois rN+
                  | Int-4 Dex+2}
  1437 | D:4      | Found a large runed translucent door.
  1439 | D:4      | Found a large runed translucent door.
  1458 | D:4      | Found a large runed translucent door.
  1458 | D:4      | Found a large runed translucent door.
  1470 | D:4      | Identified the +0 chain mail "Vehomaho" {Slay+3}
  1717 | D:4      | Reached XP level 6. HP: 42/48 MP: 13/13
  1780 | D:4      | Killed an ogre
  1800 | D:4      | Noticed a centaur
  1819 | D:4      | Killed a centaur
  1820 | D:4      | Reached XP level 7. HP: 41/57 MP: 14/14
  1936 | D:5      | Entered Level 5 of the Dungeon
  2097 | D:5      | Reached XP level 8. HP: 56/67 MP: 15/15
  2114 | D:5      | Reached skill level 5 in Fighting
  2114 | D:5      | Reached skill level 5 in Short Blades
  2171 | D:5      | Reached ** piety under Yredelemnul
  2340 | D:5      | Found a glowing drain.
  2344 | Sewer    | Entered a sewer
  2585 | Sewer    | Reached *** piety under Yredelemnul
  2605 | Sewer    | Gained mutation: You passively map the area around you.
                  | [Meteoran growth]
  2605 | Sewer    | Reached XP level 9. HP: 67/74 MP: 13/16
  2605 | Sewer    | Reached **** piety under Yredelemnul
  2888 | D:6      | Reached skill level 1 in Invocations
  2889 | D:6      | Noticed Sigmund
  2893 | D:6      | Reached skill level 4 in Dodging
  2921 | D:6      | Killed Sigmund
  2922 | D:6      | Reached skill level 5 in Dodging
  2949 | D:6      | Found a staircase to the Ecumenical Temple.
  3160 | D:6      | Reached skill level 6 in Dodging
  3244 | D:6      | Learned a level 1 spell: Apportation
  3346 | D:7      | Noticed Prince Ribbit
  3351 | D:7      | Killed Prince Ribbit
  3352 | D:7      | Reached XP level 10. HP: 81/81 MP: 14/17
  3356 | D:7      | Learned a level 3 spell: Confusing Touch
  3387 | D:7      | Reached skill level 1 in Hexes
  3563 | D:7      | Noticed Maggie
  3593 | D:7      | Reached skill level 10 in Short Blades
  3690 | D:7      | Found a sacrificial altar of Ru.
  3691 | D:7      | Found an ancient bone altar of Kikubaaqudgha.
  3692 | D:7      | Found a shadowy altar of Dithmenos.
  3707 | D:7      | Reached skill level 5 in Spellcasting
  3900 | D:8      | Killed Maggie
  4381 | D:8      | Found a shimmering blue altar of Sif Muna.
  4407 | D:8      | Noticed a deep elf pyromancer
  4418 | D:8      | Killed a deep elf pyromancer
  4419 | D:8      | Reached XP level 11. HP: 88/88 MP: 20/22
  4542 | D:9      | Noticed Harold
  4564 | D:9      | Killed Harold
  4565 | D:9      | Reached skill level 7 in Dodging
  4849 | D:9      | Noticed a two-headed ogre
  4868 | D:9      | Killed a two-headed ogre
  4966 | D:9      | Found Seugh's Distillery.
  5041 | D:9      | Bought a potion of haste for 130 gold pieces
  5041 | D:9      | Bought a potion of haste for 130 gold pieces
  5041 | D:9      | Bought a potion of mutation for 104 gold pieces
  5065 | D:10     | Entered Level 10 of the Dungeon
  5106 | D:10     | Found an opulent altar of Gozag.
  5181 | D:10     | Found a white marble altar of Elyvilon.
  5418 | D:11     | Noticed Grum
  5435 | D:11     | Reached skill level 8 in Dodging
  5447 | D:11     | Killed Grum
  5470 | D:11     | Found a staircase to the Orcish Mines.
  5523 | D:11     | Reached XP level 12. HP: 53/100 MP: 3/23
  5620 | D:11     | Noticed a two-headed ogre
  5631 | D:11     | Killed a two-headed ogre
  5643 | D:11     | Noticed a two-headed ogre
  5653 | D:11     | Reached ***** piety under Yredelemnul
  5659 | D:11     | Killed a two-headed ogre
  5660 | D:11     | Reached skill level 5 in Invocations
  5739 | D:11     | Noticed a two-headed ogre
  5766 | D:11     | Killed a two-headed ogre
  5766 | D:11     | Enslaved a two-headed ogre
  5816 | D:11     | Found Serrohiz's Weapon Shop.
  5906 | D:12     | Reached skill level 9 in Dodging
  6108 | D:12     | Noticed a boulder beetle
  6130 | D:12     | Killed a boulder beetle
  6281 | D:13     | a guardian serpent changed into a lindwurm
  6281 | D:13     | Noticed a lindwurm (shapeshifter)
  6285 | D:13     | Killed a lindwurm
  6286 | D:13     | Reached skill level 10 in Dodging
  6286 | D:13     | Reached XP level 13. HP: 103/105 MP: 22/26
  6443 | Orc:1    | Entered Level 1 of the Orcish Mines
  6511 | Orc:2    | Entered Level 2 of the Orcish Mines
  6657 | Orc:2    | Noticed a two-headed ogre
  6692 | Orc:2    | Noticed a two-headed ogre
  6697 | Orc:2    | Noticed an ogre mage
  6699 | Orc:2    | Reached skill level 10 in Invocations
  6707 | Orc:2    | Killed a two-headed ogre
  6712 | Orc:2    | Noticed a two-headed ogre
  6713 | Orc:2    | Noticed a two-headed ogre
  6715 | Orc:2    | Killed a two-headed ogre
  6724 | Orc:2    | Reached skill level 11 in Dodging
  6727 | Orc:2    | Killed an ogre mage
  6731 | Orc:2    | Killed a two-headed ogre
  6732 | Orc:2    | Reached skill level 12 in Dodging
  6732 | Orc:2    | Killed a two-headed ogre
  6733 | Orc:2    | Noticed a two-headed ogre
  6742 | Orc:2    | Noticed a two-headed ogre
  6747 | Orc:2    | Noticed a two-headed ogre
  6748 | Orc:2    | Killed a two-headed ogre
  6749 | Orc:2    | Reached skill level 13 in Dodging
  6752 | Orc:2    | Killed a two-headed ogre
  6762 | Orc:2    | Killed a two-headed ogre
  6771 | Orc:2    | Noticed a two-headed ogre
  6787 | Orc:2    | Reached XP level 14. HP: 51/113 MP: 3/27
  6793 | Orc:2    | Reached skill level 14 in Dodging
  6797 | Orc:2    | Noticed an orc warlord
  6802 | Orc:2    | Found Ziaczuun's Book Emporium.
  6824 | Orc:2    | Killed an orc warlord
  6841 | Orc:2    | Found Agadixy's Weapon Boutique.
  6844 | Orc:2    | Found a staircase to the Elven Halls.
  6846 | Orc:2    | Found Dijicey's Assorted Antiques.
  6847 | Orc:2    | Found Barukh's Weapon Emporium.
  6863 | Orc:2    | Bought a dented amethyst amulet for 115 gold pieces
  6863 | Orc:2    | Bought a scroll of fear for 92 gold pieces
  6863 | Orc:2    | Bought a scroll of teleportation for 69 gold pieces
  7151 | Elf:1    | Entered Level 1 of the Elven Halls
  7160 | Elf:1    | Reached skill level 15 in Dodging
  7421 | Elf:1    | Noticed Nikola
  7448 | Elf:1    | Killed from afar by Nikola

Illustrated notes

Levels and vault maps discovered:
D:1:      nagdon_arrival_zigzag_paths, layout_loops_ring
D:2:      layout_basic, ebering_ecumenical_altar_box, minmay_joined_circles
D:3:      layout_loops_ring, general_overflow_altar
D:4:      layout_basic, serial_co_window_serial, co_window_paths_a,
          co_window_corner_a, co_window_paths_a, co_window_paths_b,
          co_window_corner_a, co_window_unsneaky_path_d, co_window_2corner,
          co_window_2corner, co_window_unsneaky_path_e,
          co_window_unsneaky_path_d, co_window_paths_d, glass_columns_a,
          minmay_hollow_rounded_squares
D:5:      layout_basic, gup_sewer_entry_bowl, hex_medium
D:6:      layout_basic, minmay_temple_entry_butterflies, uniq_sigmund
D:7:      layout_loops_corners, chequers_temple_overflow_statue_of_worship,
          serial_shops, nicolae_shop_bloodbath_and_beyond, serial_glass,
          glass_columns_a, glass_columns_b, item_on_display_a,
          minmay_strange_pillars, feat_on_display, item_on_display_a,
          minmay_holes, uniq_prince_ribbit1, uniq_maggie
D:8:      layout_basic, led_sif_pool, erik_lair_island, serial_corexii_hall,
          corexii_hall_statues_i, chequers_hall_statues_wall_a,
          minmay_microvault
D:9:      layout_rooms, minivault_24, minmay_misc_feat_plants,
          nicolae_wooded_promenade, kennysheep_generic_room_4, uniq_harold
D:10:     layout_loops_ring, elyvilon_altar_5, grunt_gozag_breadcrumbs
D:11:     layout_basic, kennysheep_orc_monster_closet_entryway, serial_shops,
          kennysheep_mini, uniq_grum
D:12:     layout_loops_ring, special_room [special_room_orc]
D:13:     layout_irregular_city, nicolae_elemental_shop,
          amcnicky_mini_rare_corridor_liquid
Orc:1:    layout_caves
Orc:2:    st_orc_open, layout_diamond_mine, kennysheep_orc_chapel
Elf:1:    elf_arrival_001, layout_onion_city, serial_shops, shop,
          nicolae_shop_behind_doors, shop, nicolae_shop_behind_doors, shop,
          basic_altar, uniq_nikola

Skill      XL: |  1  2  3  4  5  6  7  8  9 10 11 12 13 14 |
---------------+-------------------------------------------+-----
Dodging        | 3 6 8 10 13 15 | 15.6
Fighting       | 1 2 3 4 5 7 |  7.7
Necromancy     | 1 2 |  2.0
Conjurations   | 2 3 |  3.0
Air Magic      | 1 2 3 |  3.0
Short Blades   | 1 2 3 4 7 9 11 13 14 | 14.0
Poison Magic   | 1 2 |  2.0
Stealth        | 2 4 |  4.7
Invocations    | 3 4 7 11 | 11.0
Translocations | 3 |  3.0
Hexes          | 3 |  3.0
Spellcasting   | 7 8 |  8.0
Summonings     | |  1.2

Action                   |  1- 3 |  4- 6 |  7- 9 | 10-12 | 13-15 || total
-------------------------+-------+-------+-------+-------+-------++-------
Melee: Dagger            |    40 |    76 |       |       |       ||   116
       Punch             |     2 |     1 |     4 |     9 |     6 ||    22
       Short sword       |    39 |    81 |       |       |       ||   120
       Rapier            |       |    28 |   326 |   784 |   317 ||  1455
 Cast: Magic Dart        |    42 |     6 |       |    12 |       ||    60
       Vampiric Draining |       |     3 |     8 |       |     7 ||    18
       Mephitic Cloud    |       |     1 |     8 |    33 |    29 ||    71
       Blink             |       |       |     1 |       |     2 ||     3
       Apportation       |       |       |     3 |    13 |    30 ||    46
       Confusing Touch   |       |       |       |     9 |     1 ||    10
Invok: Dark Bargain      |       |       |     4 |     5 |     3 ||    12
       Recall Undead Har |       |       |     2 |     3 |     2 ||     7
       Stop Recall       |       |       |       |     2 |       ||     2
       Bind Soul         |       |       |       |     1 |     1 ||     2
Evoke: Wand              |       |       |       |       |     3 ||     3
  Use: Potion            |       |     2 |       |       |     8 ||    10
       Scroll            |       |       |    15 |     8 |     1 ||    24
 Stab: Confused          |       |     1 |     7 |    36 |    26 ||    70
       Distracted        |       |     1 |     3 |     5 |     2 ||    11
       Sleeping          |       |       |     1 |       |       ||     1
Armor: Robe              |    24 |    67 |    83 |   130 |    27 ||   331
Dodge: Dodged            |    50 |    96 |   149 |   250 |   111 ||   656
Block: Other             |       |       |     3 |    71 |    12 ||    86
       Reflection        |       |       |       |     2 |       ||     2

Table legend: (Time is in decaauts)
 A = Elapsed time spent in this place.
 B = Non-inter-level travel time spent in this place.
 C = Inter-level travel time spent in this place.
 D = Time resting spent in this place.
 E = Time spent auto-exploring this place.
 F = Levels seen in this place.
 G = Mean time per level.
                   A        B        C        D        E       F      G
               +--------+--------+--------+--------+--------+-----+--------+
         Total |   6513 |   6067 |    446 |      0 |      0 |  17 |  383.1 |
       Dungeon |   5418 |   4981 |    437 |      0 |      0 |  13 |  416.8 |
  Orcish Mines |    543 |    534 |      9 |      0 |      0 |   2 |  271.5 |
   Elven Halls |    219 |    219 |      0 |      0 |      0 |   1 |  219.0 |
         Sewer |    331 |    331 |      0 |      0 |      0 |   1 |  331.0 |
               +--------+--------+--------+--------+--------+-----+--------+

Top non-repeatable levels by time:
     D:2: 604 daAuts
     D:4: 591 daAuts
     D:7: 523 daAuts
     D:8: 477 daAuts
     D:1: 472 daAuts
   Orc:2: 470 daAuts
     D:9: 447 daAuts
     D:6: 441 daAuts
    D:12: 415 daAuts
     D:5: 403 daAuts
    D:11: 378 daAuts
     D:3: 351 daAuts
   Sewer: 331 daAuts
    D:10: 291 daAuts
   Elf:1: 219 daAuts
